 Dungeon Crawl Stone Soup version 0.23.0-3-gf3c87f2df8 (webtiles) character file.

Game seed: 6397959024544981162

4592 PikkenKukken the Basher (level 10, -10/61 HPs)
             Began as a Tengu Fighter on Feb 22, 2019.
             Was a Believer of Makhleb.
             Mangled by a two-headed ogre
             ... wielding a +0 giant club
              (20 damage)
             ... on level 9 of the Dungeon.
             The game lasted 00:16:37 (10508 turns).

PikkenKukken the Basher (Tengu Fighter)            Turns: 10508, Time: 00:16:38

Health: -10/61     AC: 14    Str: 32    XL:     10   Next: 41%
Magic:  15/15      EV: 12    Int:  9    God:    Makhleb [**....]
Gold:   415        SH: 13    Dex: 15    Spells: 9/9 levels left

rFire    . . .     SeeInvis .   x - +4 flail (drain)
rCold    . . .     Gourm    .   c - +1 shield
rNeg     . . .     Faith    .   C - +0 plate armour (curse)
rPois    .         Spirit   .   (helmet restricted)
rElec    .         Reflect  .   v - +0 cloak
rCorr    .         Harm     .   (no gloves)
MR       .....                  (boots unavailable)
Stlth    ..........             y - amulet of rage
HPRegen  0.20/turn              B - +4 ring of strength
MPRegen  0.14/turn              z - +5 ring of strength

@: mighty, flying quickly and evasively, quick
A: beak, talons 3, high mp 1, able to fly, sturdy frame 1
a: Stop Flying, Minor Destruction, Renounce Religion, Evoke Berserk Rage


You were on level 9 of the Dungeon.
You worshipped Makhleb.
Makhleb was pleased with you.
You were not hungry.

You visited 2 branches of the dungeon, and saw 10 of its levels.

You collected 415 gold pieces.

Inventory:

Hand Weapons
 x - a +4 flail of draining (weapon)
Missiles
 a - 3 throwing nets (quivered)
Armour
 c - a +1 shield (worn)
 v - a +0 cloak (worn)
 C - a cursed +0 plate armour (worn)
Jewellery
 t - a +2 ring of protection
 y - an amulet of rage (around neck)
 z - a +5 ring of strength (right hand)
 B - a +4 ring of strength (left hand)
Wands
 r - a wand of disintegration (7)
 u - a wand of polymorph (32)
 w - a wand of enslavement (9)
Scrolls
 b - 5 scrolls of teleportation
 e - 2 scrolls of identify
 k - 5 scrolls of magic mapping
 l - a scroll of fog
 n - a scroll of enchant armour
 s - 3 scrolls of remove curse
Potions
 d - 3 potions of might
 g - 2 potions of brilliance
 h - 3 potions of curing
 i - a potion of mutation
 j - a potion of berserk rage {unknown}
 m - 4 potions of haste
 o - a potion of ambrosia {unknown}
 q - a potion of magic {unknown}
 A - 2 potions of heal wounds
 D - 2 potions of lignification
Comestibles
 f - 13 rations


   Skills:
 + Level 6.3 Fighting
 * Level 9.2 Maces & Flails
 + Level 7.0 Armour
 - Level 6.0 Dodging
 + Level 6.3 Shields
 * Level 3.7 Invocations
 + Level 3.0 Evocations


You had 9 spell levels left.
You didn't know any spells.
Your spell library contained the following spells:

 Spells                   Type           Power        Failure   Level  Hunger
 Animate Skeleton         Necr           N/A          99%         1    ##.....
 Apportation              Tloc           #.....       99%         1    ##.....
 Confusing Touch          Hex            #.....       99%         1    ##.....
 Freeze                   Ice            #...         99%         1    ##.....
 Summon Small Mammal      Summ           #...         99%         1    ##.....
 Poisonous Vapours        Pois/Air       #.....       100%        2    ###....
 Throw Frost              Conj/Ice       #.....       100%        2    ###....
 Conjure Flame            Conj/Fire      #.......     100%        3    ####...
 Mephitic Cloud           Conj/Pois/Air  #.......     100%        3    ####...
 Ozocubu's Armour         Chrm/Ice       #.......     100%        3    ####...
 Summon Ice Beast         Ice/Summ       #.......     100%        4    #####..
 Throw Icicle             Conj/Ice       #.......     100%        4    #####..
 Freezing Cloud           Conj/Ice/Air   #.........   100%        6    #######
 Ring of Flames           Chrm/Fire      #.........   100%        7    #######


Dungeon Overview and Level Annotations

Branches:
Dungeon (9/15)             Temple (1/1) D:6
   Lair: D:8-11         Orc: D:9-12

Altars:
Ashenzari
Cheibriados
Dithmenos
Elyvilon
Fedhas
Gozag
Hepliaklqana
Kikubaaqudgha
Makhleb
Nemelex Xobeh
Okawaru
Qazlal
Ru
Sif Muna
Trog
Uskayaw
Vehumet
Wu Jian
Xom
Yredelemnul
Zin
The Shining One

Annotations:
D:5 Menkaure


Innate Abilities, Weirdness & Mutations

You have a beak for a mouth.
You have claws for feet.
You can fly continuously.
You have an increased reservoir of magic. (+10% MP)
Your movements are slightly less encumbered by armour. (ER -2)


Message History

You block the troll's attack.
You bludgeon the troll!! Your kick misses the troll.
The troll is heavily wounded.
You block the troll's attack. x2; The troll claws you but does no damage.
You bludgeon the troll!!
You kill the troll!
Makhleb accepts your kill.
You feel better.
The troll leather armour is intact enough to wear.
Training target 6.0 for Dodging reached!
Your Dodging skill increases to level 6!
You fly downwards.
You block the iguana's attack. You block the quokka zombie's attack.
The iguana barely misses you.
The two-headed ogre hits you with a +0 giant club!!
The two-headed ogre hits you with a +0 giant spiked club!!
There is a stone staircase leading up, spattered with blood here.
The quokka zombie closely misses you. The iguana bites you!
* * * LOW HITPOINT WARNING * * *
The two-headed ogre hits you with a +0 giant club!!
You die...

.........
.........
.........
##........
##..⌠......
#.......###
#...O.⌠....
#.l@.......
#...Z.⌠....
#..........
##..⌠..##..
##.....# .
##+##.# .#
#


You could see a two-headed ogre, an iguana and a quokka zombie.

Vanquished Creatures
  A troll (D:8)
  Sigmund (D:4)
  A hippogriff (D:8)
  5 yaks (D:7)
  Edmund (D:5)
  3 steam dragons
  A phantom (D:5)
  2 sky beasts (D:5)
  An ice beast (D:8)
  3 orc warriors
  A necrophage (D:7)
  3 ogres
  A centaur (D:8)
  4 bullfrogs
  5 scorpions
  3 wights (D:8)
  A crimson imp (D:6)
  A centaur skeleton (D:5)
  A centaur zombie (D:5)
  7 orc priests
  Crazy Yiuf (D:5)
  2 bullfrog skeletons
  2 hounds
  6 orc wizards
  Jessica (D:3)
  An iguana (D:7)
  Ijyb (D:5)
  Terence (D:3)
  6 worker ants
  A killer bee zombie (D:7)
  A hound zombie (D:7)
  A hound skeleton (D:6)
  A howler monkey zombie (D:6)
  Robin (D:4)
  9 adders
  4 gnolls
  A shadow imp (D:7)
  A worm (D:4)
  6 leopard geckos
  34 orcs
  2 giant cockroaches
  8 goblins
  14 hobgoblins
  6 jackals
  A quokka (D:5)
  3 ball pythons
  9 bats
  5 frilled lizards
  5 kobolds
  A leopard gecko skeleton (D:4)
  5 rats
186 creatures vanquished.

Vanquished Creatures (others)
  An orc (D:8)
1 creature vanquished.

Grand Total: 187 creatures vanquished

Notes
Turn   | Place    | Note
-------+----------+-------------------------------------------
     0 | D:1      | PikkenKukken the Tengu Fighter began the quest for the Orb.
     0 | D:1      | Reached XP level 1. HP: 14/14 MP: 2/2
   432 | D:1      | Reached XP level 2. HP: 19/19 MP: 3/3
   676 | D:1      | Reached XP level 3. HP: 23/23 MP: 4/4
   737 | D:1      | Reached skill level 1 in Dodging
   874 | D:1      | Reached skill level 3 in Maces & Flails
  1245 | D:2      | Reached XP level 4. HP: 16/28 MP: 5/5
  1584 | D:2      | Found a stormy altar of Qazlal.
  1842 | D:3      | Noticed Jessica
  1845 | D:3      | Killed Jessica
  1947 | D:3      | Noticed Terence
  1959 | D:3      | Killed Terence
  1959 | D:3      | Gained mutation: You can fly continuously. [Tengu growth]
  1959 | D:3      | Reached XP level 5. HP: 18/32 MP: 6/6
  2269 | D:3      | Gained mutation: Your movements are slightly less
                  | encumbered by armour. (ER -2) [potion of mutation]
  2269 | D:3      | Gained mutation: You have an increased reservoir of magic.
                  | (+10% MP) [potion of mutation]
  2460 | D:3      | Found a faded altar of an unknown god.
  2855 | D:4      | Reached skill level 4 in Maces & Flails
  3366 | D:4      | Reached XP level 6. HP: 32/38 MP: 7/7
  3372 | D:4      | Noticed Robin
  3944 | D:4      | Noticed Sigmund
  3950 | D:4      | Killed Sigmund
  3950 | D:4      | Reached skill level 5 in Maces & Flails
  3950 | D:4      | Reached XP level 7. HP: 42/43 MP: 8/8
  3970 | D:4      | Killed Robin
  4639 | D:5      | Entered Level 5 of the Dungeon
  5017 | D:4      | Reached skill level 5 in Armour
  5608 | D:5      | Reached skill level 6 in Maces & Flails
  5608 | D:5      | Reached XP level 8. HP: 41/48 MP: 9/9
  6155 | D:5      | Noticed Ijyb
  6603 | D:5      | Killed Ijyb
  6730 | D:5      | Found a runed translucent door.
  6731 | D:5      | Noticed Crazy Yiuf
  6836 | D:5      | Noticed Menkaure
  7146 | D:5      | Killed Crazy Yiuf
  7317 | D:6      | Noticed Edmund
  7335 | D:5      | Reached skill level 5 in Fighting
  7335 | D:5      | Reached skill level 5 in Shields
  7518 | D:5      | Killed Edmund
  7518 | D:5      | Reached skill level 7 in Maces & Flails
  7559 | D:6      | Reached XP level 9. HP: 52/54 MP: 10/10
  7895 | D:6      | Found a staircase to the Ecumenical Temple.
  7902 | D:6      | Reached skill level 1 in Evocations
  7914 | Temple   | Entered the Ecumenical Temple
  8044 | Temple   | Became a worshipper of Makhleb the Destroyer
  8798 | D:7      | Reached skill level 8 in Maces & Flails
  8798 | D:7      | Reached skill level 5 in Dodging
  8815 | D:7      | Reached skill level 1 in Invocations
  9124 | D:7      | Found a white marble altar of Elyvilon.
  9347 | D:8      | Reached * piety under Makhleb
  9347 | D:8      | Reached XP level 10. HP: 49/60 MP: 14/14
  9656 | D:8      | Found a shattered altar of Ashenzari.
  9809 | D:8      | Reached skill level 9 in Maces & Flails
  9838 | D:8      | Reached ** piety under Makhleb
  9988 | D:8      | Found a sparkling altar of Nemelex Xobeh.
 10499 | D:9      | Noticed a two-headed ogre
 10508 | D:9      | Mangled by a two-headed ogre

Skill      XL: |  1  2  3  4  5  6  7  8  9 10 |
---------------+-------------------------------+-----
Dodging        | 1 2 3 4 5 6 |  6.0
Maces & Flails | 3 4 5 6 7 8 9 |  9.2
Armour         | 4 5 6 7 |  7.0
Fighting       | 4 5 6 |  6.3
Shields        | 4 5 6 |  6.3
Evocations     | 2 3 |  3.0
Invocations    | 2 3 |  3.7

Action                   |  1- 3 |  4- 6 |  7- 9 | 10-12 || total
-------------------------+-------+-------+-------+-------++-------
Melee: Flail             |    77 |    95 |   349 |    71 ||   592
       Kick              |    13 |    25 |   114 |    26 ||   178
       Peck              |     9 |    14 |    76 |    17 ||   116
 Abil: Fly               |       |     1 |       |       ||     1
  Use: Scroll            |     4 |     5 |     9 |     5 ||    23
       Potion            |       |     3 |       |     1 ||     4
  Eat: Chunk             |       |     6 |    13 |     4 ||    23
       Ration            |       |     1 |     1 |       ||     2
Armor: Scale mail        |     9 |       |       |       ||     9
       Chain mail        |    32 |    38 |    76 |       ||   146
       Plate armour      |       |       |    16 |    22 ||    38
Dodge: Dodged            |    17 |    33 |   108 |    33 ||   191
Block: Shield            |    45 |    52 |   166 |    50 ||   313
